 Dungeon Crawl Stone Soup version 0.19-a0-1341-g3513869 (webtiles) character file.

786 Amnesiac the Cutter (level 7, -1/52 HPs)
             Began as a Mummy Monk on Sept 1, 2016.
             Was a Believer of Ashenzari.
             Killed by divine providence
             ... invoked by an orc priest
              (14 damage)
             ... on level 5 of the Dungeon.
             The game lasted 00:08:47 (4915 turns).

Amnesiac the Cutter (Mummy Monk)                    Turns: 4915, Time: 00:08:47

Health: -1/52      AC:  7    Str: 15    XL:     7   Next: 56%
Magic:  7/10       EV: 11    Int: 11    God:    Ashenzari [**....]
Gold:   303        SH:  0    Dex: 14    Spells: 1 memorised, 7 levels left

rFire  x . .     SeeInvis .     p - +2 dagger (vamp)
rCold  + . .     Gourm    .     h - +0 ring mail (curse)
rNeg   + + +     Faith    .     (no shield)
rPois  ∞         Spirit   .     i - +0 helmet
rElec  .         Dismiss  .     (no cloak)
rCorr  .         Reflect  .     k - +0 pair of gloves
MR     .....     Harm     +     (no boots)
Stlth  +.........               e - amulet of harm (curse)
                                (no ring)
                                s - ring of loudness (curse)

@: no status effects
A: no food or potions, fire vulnerability, cold resistance 1, negative energy
resistance 3, torment resistance, unbreathing
a: Curse Item, Scrying, Renounce Religion


You were on level 5 of the Dungeon.
You worshipped Ashenzari.
Ashenzari was pleased with you.
You were not hungry.

You visited 1 branch of the dungeon, and saw 6 of its levels.

You collected 303 gold pieces.

Inventory:

Hand Weapons
 j - a +0 spear of pain
 l - a +4 dagger
 p - a +2 vampiric dagger (weapon)
Armour
 h - a cursed +0 ring mail (worn)
 i - a +0 helmet (worn)
 k - a +0 pair of gloves (worn)
Jewellery
 e - a cursed amulet of harm (around neck)
 f - an uncursed amulet of dismissal
 s - a cursed ring of loudness (left hand)
Wands
 n - a wand of confusion (18/48)
 q - a wand of teleportation (5/9)
 r - a wand of slowing (22/48)
Scrolls
 a - a scroll of teleportation {unknown}
 b - 4 scrolls of identify {unknown}
 c - a scroll of noise {unknown}
 d - 2 scrolls of random uselessness {unknown}
 g - a scroll of fog {unknown}
 m - a scroll of amnesia {unknown}
Books
 o - a book of Callings

   Spells                             Type                      Level
   a - Summon Small Mammal            Summoning                    1
   b - Call Imp                       Summoning                    2
   c - Call Canine Familiar           Summoning                    3
   d - Summon Guardian Golem          Hexes/Summoning              3
   e - Summon Lightning Spire         Summoning/Air                4
   f - Summon Ice Beast               Ice/Summoning                4


   Skills:
 - Level 3.0 Fighting
 - Level 5.1 Short Blades
 - Level 2.4 Dodging
 - Level 3.0 Stealth
 + Level 2.0 Spellcasting
 * Level 4.0(5.4) Summonings


You had 7 spell levels left.
You knew the following spells:

 Your Spells              Type           Power        Failure   Level  Hunger
w - Call Canine Familiar  Summ           ##......     21%         3    N/A

Dungeon Overview and Level Annotations

Branches:
Dungeon (6/15)             Temple (0/1) D:6

Altars:
Ashenzari
Makhleb
Okawaru
The Shining One

Annotations:
D:4 Edmund
D:5 CypherZel's ghost, novice VSCj


Innate Abilities, Weirdness & Mutations

You do not eat or drink.
Your flesh is vulnerable to fire.
You are immune to poison.
Your flesh is cold resistant. (rC+)
You are immune to negative energy. (rN+++)
You are immune to unholy pain and torment.
You can survive without breathing.


Message History

You hit the orc priest but do no damage.
The orc priest is moderately wounded.
The orc priest hits you but does no damage.
You hit the orc priest.
You feel better.
The orc priest is heavily wounded.
You barely miss the orc priest.
The orc priest is heavily wounded.
The orc priest miscasts a cantrip.
You closely miss the orc priest.
The orc priest is heavily wounded.
The orc priest calls down the wrath of Beogh upon you.
Beogh smites you!
* * * LOW HITPOINT WARNING * * *
You are too injured to fight recklessly!
You are too injured to fight recklessly!
You hit the orc priest.
You feel better.
The orc priest is heavily wounded.
The orc priest calls down the wrath of Beogh upon you.
Beogh smites you!
You die...

###* * * #..,,,, ,
#o# * #o# *, , ,
#@# #.##...##* #
#h# #.#.....##.#
#.# ##<.......#.#
#.# #...........,
#.# #.....[...# #
#.# #..#.....##.##
#.# #..##.........
#.###..###.#.##.##
#..>..............


You could see an orc priest, an orc and a friendly hound.

Vanquished Creatures
  A centaur (D:6)
  A water moccasin skeleton (D:6)
  A centaur zombie (D:5)
  A crimson imp (D:5)
  A giant frog zombie (D:6)
  A hound (D:4)
  2 giant frog skeletons
  3 orc wizards
  An iguana (D:3)
  An iron imp (D:5)
  3 worker ants
  A hound skeleton (D:6)
  Robin (D:3)
  8 adders
  3 gnolls
  2 oozes (D:3)
  4 worms
  A dart slug (D:2)
  A giant gecko (D:1)
  9 orcs
  7 giant cockroaches
  8 hobgoblins
  3 kobolds
  2 quokkas (D:4)
  A ball python (D:3)
  11 bats
  A giant gecko skeleton (D:6)
  5 giant newts
  18 goblins
  A goblin zombie (D:5)
  A kobold skeleton (D:5)
  2 orc skeletons (D:5)
  A quokka zombie (D:3)
  8 rats
115 creatures vanquished.

Vanquished Creatures (collateral kills)
  A jelly (D:5)
1 creature vanquished.

Grand Total: 116 creatures vanquished

Notes
Turn   | Place    | Note
-------+----------+-------------------------------------------
     0 | D:1      | Amnesiac the Mummy Monk began the quest for the Orb.
     0 | D:1      | Reached XP level 1. HP: 18/18 MP: 1/1
   422 | D:2      | Reached XP level 2. HP: 15/24 MP: 2/2
   426 | D:2      | Reached skill level 3 in Short Blades
   758 | D:2      | Found a shattered altar of Ashenzari.
   762 | D:2      | Saw a vision of the Shoals and the Snake Pit.
   762 | D:2      | Noticed a merfolk
   762 | D:2      | Noticed a sea snake
   762 | D:2      | Noticed a siren
   762 | D:2      | Noticed a merfolk
   762 | D:2      | Noticed a siren
   762 | D:2      | Noticed a merfolk
   762 | D:2      | Noticed a merfolk
   762 | D:2      | Noticed a siren
   762 | D:2      | Noticed a naga
   762 | D:2      | Noticed a naga
   762 | D:2      | Noticed a salamander
   762 | D:2      | Noticed a naga
   763 | D:2      | Noticed a naga warrior
   763 | D:2      | Noticed a naga
   784 | D:2      | Became a worshipper of Ashenzari the Shackled
   784 | D:2      | Reached * piety under Ashenzari
   784 | D:2      | Reached ** piety under Ashenzari
   801 | D:2      | Reached XP level 3. HP: 11/29 MP: 3/3
  1469 | D:2      | Reached skill level 4 in Short Blades
  1469 | D:2      | Reached XP level 4. HP: 16/35 MP: 4/4
  2152 | D:3      | Noticed Robin
  2363 | D:4      | Reached XP level 5. HP: 36/41 MP: 5/5
  2447 | D:3      | Killed Robin
  2675 | D:3      | Reached skill level 5 in Short Blades
  3049 | D:4      | Reached XP level 6. HP: 44/47 MP: 6/6
  3062 | D:4      | Noticed Edmund
  3191 | D:4      | Learned a level 3 spell: Call Canine Familiar
  3550 | D:4      | Reached skill level 1 in Summonings
  3645 | D:5      | Entered Level 5 of the Dungeon
  3748 | D:5      | Found a glowing golden altar of the Shining One.
  3749 | D:5      | Noticed CypherZel's ghost (novice VSCj)
  4127 | D:6      | Found an iron altar of Okawaru.
  4127 | D:6      | Found a shattered altar of Ashenzari.
  4147 | D:6      | Found a burning altar of Makhleb.
  4208 | D:6      | Found a staircase to the Ecumenical Temple.
  4390 | D:6      | Reached XP level 7. HP: 43/52 MP: 7/7
  4399 | D:6      | Reached skill level 1 in Spellcasting
  4915 | D:5      | Killed from afar by an orc priest

Vault maps used:
D:1:      elethiomel_arrival_maze, minmay_misc_feat_x
D:2:      grunt_ashenzari_visionary
D:3:      roderic_whirl, uniq_robin
D:4:      uniq_edmund
D:5:      first_bread, nicolae_tso_besieged_by_evil
D:6:      minitemple, serial_bayou_pond_c

Skill      XL: |  1  2  3  4  5  6  7 |
---------------+----------------------+-----
Short Blades   | 3 4 5 |  5.1
Stealth        | 3 |  3.0
Summonings     | 3 4 |  4.0
Spellcasting   | 2 |  2.0
Fighting       | |  3.0
Dodging        | |  2.4

Action                   |  1- 3 |  4- 6 |  7- 9 || total
-------------------------+-------+-------+-------++-------
Melee: Short sword       |   159 |   178 |       ||   337
       Dagger            |       |   201 |   110 ||   311
 Cast: Call Canine Famil |       |       |     2 ||     2
Invok: Curse Item        |       |     1 |       ||     1
 Stab: Sleeping          |     2 |     6 |       ||     8
Armor: Robe              |    23 |       |       ||    23
       Ring mail         |    18 |   102 |    33 ||   153
Dodge: Dodged            |   106 |   172 |    45 ||   323
